 Dungeon Crawl Stone Soup version 0.22-a0-525-gf69a080 (webtiles) character file.

720778 grizmgrazm2 the Impregnable (level 27, -48/188 HPs)
             Began as a Gargoyle Fighter on June 19, 2018.
             Was a High Priest of the Shining One.
             Annihilated by a juggernaut (76 damage)
             ... on level 15 of a ziggurat on June 20, 2018.
             The game lasted 05:54:14 (79581 turns).

grizmgrazm2 the Impregnable (Gargoyle Fighter)     Turns: 79581, Time: 05:54:16

Health: -48/188    AC: 71    Str: 29 (32) XL:     27
Magic:  16/36      EV: 16    Int:  9 (11) God:    the Shining One [*****.]
Gold:   4961       SH: 34    Dex: 20 (21) Spells: 26/26 levels left

rFire    + + +     SeeInvis .   a - +9 eveningstar (holy)
rCold    . . .     Gourm    +   A - +8 large shield
rNeg     + + +     Faith    .   q - +8 crystal plate armour of Okawaru's Favour {rElec}
rPois    ∞         Spirit   .   c - +0 helmet of the Iron City of Dis {Str+4 Dex+3}
rElec    +         Reflect  .   M - scarf {cloud immunity}
rCorr    +         Harm     .   s - +1 pair of gloves of Okawaru's Benevolence {rF+ MR+}
MR       +++..     Rnd*Tele +   n - +2 pair of boots {run}
Stlth    ..........             R - amulet "Icaywe" {Gourm +Inv rF+ Str+6 Int-3}
HPRegen  0.41/turn              Q - ring "Giaklisk" {rElec rF+ Str+2 Int+5}
MPRegen  0.25/turn              C - ring "Qyaczum" {rCorr rN+}

@: glowing, studying Throwing, quick
A: big wings, molten scales 1, yellow scales 1, blink, deterioration 2, dopey 2,
mutation resistance 1, negative energy resistance 1, screaming 1, electricity
resistance, teleportitis 1, unbreathing, petrification resistance, no potion
heal 1, rot immunity, MP-powered wands, AC +20
}: 5/15 runes: decaying, serpentine, slimy, silver, golden
a: Fly, Blink, Divine Shield, Cleansing Flame, Summon Divine Warrior, Renounce
Religion, Evoke Invisibility


You were on level 15 of a ziggurat.
You worshipped the Shining One.
The Shining One was extremely pleased with you.
You were not hungry.

You visited 11 branches of the dungeon, and saw 55 of its levels.
You visited the Abyss 1 time.
You visited 1 bazaar.
You visited 1 ziggurat, and saw 15 of its levels.
You also visited: Trove, Sewer, Bailey and Wizlab.

You collected 9791 gold pieces.
You spent 4830 gold pieces at shops.

Inventory:

Hand Weapons
 a - a +9 eveningstar of holy wrath (weapon)
 u - the +6 morningstar "Ucvedghy" {freeze, MR+}
   (You found it on level 10 of a ziggurat)

   It has been specially enchanted to freeze those struck by it, causing extra
   injury to most foes and up to half again as much damage against particularly
   susceptible opponents.
   It can also slow down cold-blooded creatures.
   It affects your resistance to hostile enchantments.
 E - the +3 Elemental Staff {rElec rF++ rC++ MR++ AC+5}
   (You took it off a spriggan air mage on level 3 of the Depths)

   It affects your AC (+5).
   It greatly protects you from fire.
   It greatly protects you from cold.
   It insulates you from electricity.
   It affects your resistance to hostile enchantments.
Armour
 c - the +0 helmet of the Iron City of Dis (worn) {Str+4 Dex+3}
   (You bought it in a shop on level 2 of the Orcish Mines)

   It affects your strength (+4).
   It affects your dexterity (+3).
 n - a +2 pair of boots of running (worn)
 q - the +8 crystal plate armour of Okawaru's Favour (worn) {rElec}
   (Okawaru gifted it to you on level 1 of the Vaults)

   It insulates you from electricity.
 s - the +1 pair of gloves of Okawaru's Benevolence (worn) {rF+ MR+}
   (Okawaru gifted it to you on level 4 of the Lair of Beasts)

   It protects you from fire.
   It affects your resistance to hostile enchantments.
 A - a +8 large shield (worn)
 M - a scarf of cloud immunity (worn)
Jewellery
 b - an uncursed ring of protection from magic
 g - an uncursed ring of protection from cold
 C - the ring "Qyaczum" (right hand) {rCorr rN+}
   (You found it in a treasure trove)

   [ring of resist corrosion]

   It protects you from negative energy.
 Q - the ring "Giaklisk" (left hand) {rElec rF+ Str+2 Int+5}
   (You found it in a treasure trove)

   [ring of intelligence]

   It affects your strength (+2).
   It affects your intelligence (+5).
   It protects you from fire.
   It insulates you from electricity.
 R - the amulet "Icaywe" (around neck) {Gourm +Inv rF+ Str+6 Int-3}
   (You found it in a treasure trove)

   [amulet of the gourmand]

   It allows you to eat raw meat even when not hungry.
   It affects your strength (+6).
   It affects your intelligence (-3).
   It protects you from fire.
   It lets you turn invisible.
Wands
 l - a wand of scattershot (3)
 w - a wand of paralysis (54)
 z - a wand of disintegration (13)
 B - a wand of flame (52)
 D - a wand of iceblast (33)
 F - a wand of acid (21)
 H - a wand of digging (53)
 W - a wand of polymorph (12)
Scrolls
 d - 2 scrolls of enchant weapon
 e - a scroll of enchant armour
 i - 10 scrolls of teleportation
 k - 16 scrolls of fog
 m - 3 scrolls of silence
 p - 6 scrolls of remove curse
 v - 2 scrolls of blinking
 y - 11 scrolls of identify
 G - 4 scrolls of fear
 J - 3 scrolls of holy word
 K - a scroll of summoning
 X - 3 scrolls of magic mapping
 Z - 2 scrolls of amnesia
Potions
 h - 5 potions of ambrosia
 o - 5 potions of brilliance
 r - a potion of berserk rage
 t - 6 potions of magic
 I - 4 potions of curing
 V - 2 potions of cancellation
Books
 P - a manual of Throwing
Miscellaneous
 L - a figurine of a ziggurat
 U - 6 phantom mirrors
Comestibles
 f - 59 rations


   Skills:
 + Level 23.3 Fighting
 + Level 23.3(23.4) Maces & Flails
 - Level 3.7(16.3) Staves
 + Level 23.7 Armour
 - Level 14.1 Dodging
 - Level 13.7 Stealth
 + Level 22.5 Shields
 + Level 19.3 Invocations
 - Level 9.3 Evocations


You had 26 spell levels left.
You didn't know any spells.
Your spell library contained the following spells:

 Spells                   Type           Power        Failure   Level  Hunger
 Cause Fear               Hex            #.........   100%        4    #####..
 Magic Dart               Conj           #...         99%         1    ##.....
 Fireball                 Conj/Fire      #.........   100%        5    ######.
 Apportation              Tloc           #.....       99%         1    ##.....
 Conjure Flame            Conj/Fire      #.......     100%        3    ####...
 Bolt of Fire             Conj/Fire      #.........   100%        6    #######
 Bolt of Cold             Conj/Ice       #.........   100%        6    #######
 Lightning Bolt           Conj/Air       #.........   100%        5    ######.
 Bolt of Magma            Conj/Fire/Erth #.........   100%        5    ######.
 Slow                     Hex            #.......     99%         2    ###....
 Confuse                  Hex            #.......     100%        3    ####...
 Invisibility             Hex            #.......     100%        6    #######
 Freezing Cloud           Conj/Ice/Air   #.........   100%        6    #######
 Mephitic Cloud           Conj/Pois/Air  #.......     100%        3    ####...
 Ring of Flames           Chrm/Fire      #.........   100%        7    #######
 Venom Bolt               Conj/Pois      #.........   100%        5    ######.
 Olgreb's Toxic Radiance  Pois           #.......     100%        4    #####..
 Teleport Other           Tloc           #.......     100%        3    ####...
 Death's Door             Chrm/Necr      #.........   100%        8    #######
 Summon Small Mammal      Summ           #...         99%         1    ##.....
 Bolt of Draining         Conj/Necr      #.........   100%        5    ######.
 Lehudib's Crystal Spear  Conj/Erth      #.........   100%        8    #######
 Fire Storm               Conj/Fire      #.........   100%        9    #######
 Blink                    Tloc           N/A          99%         2    ###....
 Summon Horrible Things   Summ           #.........   100%        8    #######
 Animate Dead             Necr           N/A          100%        4    #####..
 Pain                     Necr           #...         99%         1    ##.....
 Animate Skeleton         Necr           N/A          99%         1    ##.....
 Vampiric Draining        Necr           #.........   100%        3    ####...
 Haunt                    Necr/Summ      #.........   100%        7    #######
 Borgnjor's Revivificati  Necr           #.........   100%        8    #######
 Ozocubu's Refrigeration  Ice            #.........   100%        6    #######
 Summon Ice Beast         Ice/Summ       #.......     100%        4    #####..
 Ozocubu's Armour         Chrm/Ice       #.......     100%        3    ####...
 Call Imp                 Summ           #.......     99%         2    ###....
 Dispel Undead            Necr           #.......     100%        5    ######.
 Poison Arrow             Conj/Pois      #.........   100%        6    #######
 Regeneration             Chrm/Necr      #.........   100%        3    ####...
 Sting                    Conj/Pois      #...         99%         1    ##.....
 Sublimation of Blood     Necr           #.........   99%         2    ###....
 Tukima's Dance           Hex            #.......     100%        3    ####...
 Summon Demon             Summ           #.........   100%        5    ######.
 Summon Greater Demon     Summ           #.........   100%        7    #######
 Corpse Rot               Necr           N/A          99%         2    ###....
 Iron Shot                Conj/Erth      #.........   100%        6    #######
 Stone Arrow              Conj/Erth      #.....       100%        3    ####...
 Shock                    Conj/Air       #...         99%         1    ##.....
 Swiftness                Chrm/Air       #.......     99%         2    ###....
 Recall                   Summ/Tloc      N/A          100%        3    ####...
 Agony                    Necr           #.......     100%        5    ######.
 Blade Hands              Tmut           #.........   100%        5    ######.
 Statue Form              Tmut/Erth      #........    100%        6    #######
 Ice Form                 Ice/Tmut       #.......     100%        4    #####..
 Dragon Form              Tmut           #.........   100%        7    #######
 Necromutation            Tmut/Necr      #.........   100%        8    #######
 Death Channel            Necr           #.........   100%        6    #######
 Deflect Missiles         Chrm/Air       #.........   100%        6    #######
 Glaciate                 Conj/Ice       #.........   100%        9    #######
 Airstrike                Air            #.........   100%        4    #####..
 Shadow Creatures         Summ           N/A          100%        6    #######
 Confusing Touch          Hex            #.....       99%         1    ##.....
 Flame Tongue             Conj/Fire      #....        99%         1    ##.....
 Passwall                 Tmut/Erth      #.......     99%         2    ###....
 Ignite Poison            Fire/Tmut/Pois #.......     100%        3    ####...
 Sticks to Snakes         Tmut           #.......     99%         2    ###....
 Call Canine Familiar     Summ           #.......     100%        3    ####...
 Ensorcelled Hibernation  Hex/Ice        #.....       99%         2    ###....
 Metabolic Englaciation   Hex/Ice        #.........   100%        5    ######.
 Summon Butterflies       Summ           #.......     99%         1    ##.....
 Silence                  Hex/Air        #.........   100%        5    ######.
 Shatter                  Erth           #.........   100%        9    #######
 Dispersal                Tloc           #.........   100%        6    #######
 Static Discharge         Conj/Air       #.......     100%        3    ####...
 Corona                   Hex            #......      99%         1    ##.....
 Alistair's Intoxication  Tmut/Pois      #.......     100%        5    ######.
 Lee's Rapid Deconstruct  Erth           #.........   100%        5    ######.
 Sandblast                Erth           #.....       99%         1    ##.....
 Simulacrum               Ice/Necr       #.........   100%        6    #######
 Conjure Ball Lightning   Conj/Air       #.........   100%        6    #######
 Chain Lightning          Conj/Air       #.........   100%        8    #######
 Excruciating Wounds      Chrm/Necr      #.........   100%        5    ######.
 Portal Projectile        Hex/Tloc       #.....       100%        3    ####...
 Monstrous Menagerie      Summ           #.........   100%        7    #######
 Petrify                  Tmut/Erth      #.......     100%        4    #####..
 Passage of Golubria      Tloc           N/A          100%        4    #####..
 Orb of Destruction       Conj           #.........   100%        7    #######
 Malign Gateway           Summ/Tloc      #.........   100%        7    #######
 Tornado                  Air            #.........   100%        9    #######
 Leda's Liquefaction      Hex/Erth       #.........   100%        4    #####..
 Summon Hydra             Summ           #.........   100%        7    #######
 Darkness                 Hex            #.........   100%        6    #######
 Shroud of Golubria       Chrm/Tloc      #.........   99%         2    ###....
 Inner Flame              Hex/Fire       #.......     100%        3    ####...
 Aura of Abjuration       Summ           #.........   100%        5    ######.
 Beastly Appendage        Tmut           #.....       99%         1    ##.....
 Disjunction              Tloc           #.........   100%        8    #######
 Iskenderun's Battlesphe  Conj/Chrm      #.......     100%        5    ######.
 Dazzling Spray           Conj/Hex       #.....       100%        3    ####...
 Force Lance              Conj/Tloc      #.......     100%        4    #####..
 Discord                  Hex            #.........   100%        8    #######
 Summon Forest            Summ/Tloc      #.........   100%        5    ######.
 Summon Lightning Spire   Summ/Air       #.......     100%        4    #####..
 Summon Guardian Golem    Hex/Summ       #.......     100%        3    ####...
 Dragon's Call            Summ           #.........   100%        9    #######
 Spellforged Servitor     Conj/Summ      #.........   100%        7    #######
 Summon Mana Viper        Hex/Summ       #.......     100%        5    ######.
 Hydra Form               Tmut           #.........   100%        6    #######
 Irradiate                Conj/Tmut      #.........   100%        5    ######.
 Gell's Gravitas          Tloc           #.........   100%        3    ####...
 Yara's Violent Unravell  Hex/Tmut       #.........   100%        5    ######.
 Infestation              Necr           #.........   100%        8    #######
 Lesser Beckoning         Tloc           #.........   100%        3    ####...
 Poisonous Vapours        Pois/Air       #.....       99%         2    ###....
 Ignition                 Fire           #.........   100%        8    #######
 Borgnjor's Vile Clutch   Necr/Erth      #.........   100%        5    ######.


Dungeon Overview and Level Annotations

Branches:
Dungeon (15/15)            Temple (0/1) D:4            Lair (6/6) D:9
  Swamp (4/4) Lair:4        Snake (4/4) Lair:3        Slime (5/5) Lair:5
    Orc (2/2) D:10            Elf (3/3) Orc:2        Vaults (5/5) D:13
  Crypt (3/3) Vaults:3       Tomb (3/3) Crypt:3      Depths (5/5) D:15
    Zot (0/5) Depths:5

Altars:
Ashenzari
Cheibriados
Elyvilon
Hepliaklqana
Kikubaaqudgha
Nemelex Xobeh
Okawaru
Ru
Trog
Uskayaw
Wu Jian
Yredelemnul
The Shining One
Beogh

Shops:
D:5 (   D:8 %   D:13 [   D:14 *   D:15 *   Orc:2 *:([   Vaults:1 =   Vaults:3 :
Depths:1 ==

Portals:
Hell: Depths:1 Depths:2 Depths:3 Depths:4 Depths:5
Abyss: Depths:4
Pandemonium: Depths:3 Depths:4

Annotations:
Lair:1 exclusion: 2 oklob plants
Lair:4 exclusion: oklob plant
Elf:3 Aizul
Abyss:1 Boris, Donald, Nergalle, Nikola


Innate Abilities, Weirdness & Mutations

You are resistant to torment.
Your stone body is resilient. (AC +20)
You are immune to poison.
Your large and strong wings let you fly indefinitely.
You resist negative energy. (rN+)
You are resistant to electric shocks. (rElec)
You can survive without breathing.
You are immune to petrification.
You are immune to rotting.
You are partially covered in molten scales. (AC +2)
You are partially covered in yellow scales. (AC +2)
You can translocate small distances at will.
Your body often deteriorates upon taking damage.
You are very dopey. (Int -4)
You are somewhat resistant to further mutation.
You occasionally shout uncontrollably at your foes.
You are occasionally teleported next to monsters.
Potions are less effective at restoring your health.
You expend magic power (3 MP) to strengthen your wands.


Message History

The cyclops is lightly wounded.
The golden flame engulfs the iron troll.
The iron troll is lightly wounded.
The golden flame engulfs the juggernaut.
The juggernaut is lightly wounded.
The golden flame engulfs the orc warlord.
The orc warlord is severely wounded.
The golden flame engulfs the ogre.
You kill the ogre!
The golden flame engulfs the warg.
You kill the warg!
The golden flame engulfs the orc warlord.
The orc warlord is moderately wounded.
The golden flame engulfs the orc warrior.
The orc warrior is almost dead.
You feel somewhat more hungry.
The orc priest no longer looks unusually strong.
The orc wizard no longer looks unusually strong.
You block the juggernaut's attack. x2; The juggernaut hits you!!!!
You die...

▓▓▓▓ ....▓▓
......▓
....o..▓▓▓
....
.........▓
....
........o▓▓
....
.....T.@CC▓
....
.....)CCC.h▓
....
......Cooo.▓
....
.......ooy[▓
....
.......}!∩y▓
....
#......[(>}:
....
.......o:∩$▓▓
....
........))=▓
....


You could see 5 juggernauts, 3 orc warlords, an iron troll (berserk), an orc
high priest (fleeing), 2 moths of wrath, a cyclops (berserk), a warg (berserk),
2 orc warriors, an orc priest (fleeing) and an orc wizard (fleeing).

Vanquished Creatures
  the Royal Jelly (Slime:5)
  Mennas (Vaults:4)
  Khufu (Tomb:1)
  5 juggernauts
  2 ancient liches
  16 greater mummies
  Bai Suzhen (Crypt:1)
  A Killer Klown (Zig:7)
  Saint Roka (Elf:2)
  Jory (Tomb:1)
  4 caustic shrikes (Depths:3)
  2 golden dragons
  A profane servitor (Zig:10)
  2 doom hounds (Zig:12)
  3 Tzitzimimeh (Zig:12)
  4 bone dragons
  A Brimstone Fiend (Zig:6)
  Jorgrun (Tomb:2)
  4 iron giants (Zig:14)
  8 liches
  3 tentacled monstrosities
  2 shard shrike zombies (Crypt:2)
  21 titans
  7 deep elf blademasters
  31 acid blobs
  Gastronok (Lair:2)
  8 deep elf master archers
  A quicksilver dragon (Vaults:4)
  16 ancient champions
  Frances (D:13)
  A sphinx (shapeshifter) (Zig:7)
  2 tentacled starspawn
  Kirke (D:11)
  10 tengu reavers
  A thorn hunter (Swamp:4)
  8 sphinxes
  7 shadow dragons
  3 revenants
  A shadow dragon (shapeshifter) (Zig:7)
  5 storm dragons
  14 azure jellies
  An azure jelly (shapeshifter) (Vaults:4)
  7 nagarajas
  A draconian monk (Depths:5)
  A draconian knight (Depths:5)
  2 orc warlords
  8 vault wardens
  22 frost giants
  17 fire giants
  A juggernaut zombie (Crypt:3)
  3 corrupters
  3 iron dragons
  Louise (Elf:3)
  10 deep elf sorcerers
  A caustic shrike zombie (Depths:4)
  12 large abominations
  A balrug (Depths:3)
  3 deep elf elementalists (Elf:3)
  11 ghouls
  2 curse skulls
  2 reapers (Zig:12)
  2 caustic shrike skeletons (Zig:12)
  2 spriggan defenders
  A draconian stormcaller (Depths:5)
  15 very ugly things
  4 entropy weavers
  17 vampire knights
  13 bennus
  3 green draconians
  40 stone giants
  16 ironheart preservers
  2 war gargoyles (Vaults:4)
  9 deep elf demonologists
  Azrael (Orc:2)
  A dire elephant (shapeshifter) (Zig:7)
  10 deep elf annihilators
  A dire elephant (D:15)
  5 black draconians
  2 minotaurs
  3 yellow draconians
  A white draconian (Vaults:5)
  17 ettins
  10 spark wasps
  A blizzard demon (Depths:4)
  7 eidola
  7 death oozes (Slime:5)
  9 fire dragons
  Snorg (Orc:1)
  10 deep elf high priests
  15 deep elf death magi
  9 jiangshi
  25 mummy priests
  10 ice dragons
  15 yaktaur captains
  14 great orbs of eyes
  Josephine (Orc:1)
  28 vault guards
  A merfolk impaler (Depths:3)
  24 hydras
  15 naga warriors
  5 rakshasas
  A quicksilver dragon skeleton (Depths:4)
  3 spriggan air magi
  2 catoblepae (Vaults:4)
  12 alligators
  5 anacondas
  An alligator snapping turtle (Vaults:5)
  An anaconda (shapeshifter) (Depths:3)
  33 dancing weapons
  27 starcursed masses
  A queen ant (Elf:1)
  6 death knights
  12 ogre magi
  4 centaur warriors
  5 tengu warriors
  2 hell hogs
  37 two-headed ogres
  7 deep troll shamans
  7 deep troll earth magi
  A death yak (Vaults:4)
  6 vampire magi
  16 death scarabs
  An orc high priest (Zig:15)
  6 shock serpents
  11 naga sharpshooters
  4 thrashing horrors
  3 sun demons
  10 spriggan berserkers
  32 deep elf knights
  24 skeletal warriors
  A soul eater (Zig:12)
  3 sixfirhies
  3 wretched stars
  4 salamander mystics
  6 shadow wraiths
  2 unseen horrors
  An iron troll (Depths:2)
  2 death drakes (shapeshifter)
  3 shadow demons
  A storm dragon skeleton (Crypt:3)
  A sea snake (Elf:2)
  23 deep trolls
  2 spriggan druids (Swamp:4)
  27 deep elf archers
  10 flayed ghosts
  An anaconda zombie (Tomb:1)
  11 swamp dragons
  2 quicksilver dragon simulacra
  2 death drakes
  10 phantasmal warriors
  2 glowing orange brains
  An orange crystal statue (Zig:6)
  8 ironbrand convokers
  An obsidian statue (WizLab)
  An anaconda skeleton (WizLab)
  5 naga ritualists
  A sphinx zombie (Depths:4)
  7 wizards
  2 shambling mangroves
  A golden dragon skeleton (Zig:12)
  11 orc knights
  An orb spider (shapeshifter) (Vaults:1)
  5 necromancers
  A stone giant zombie (Zig:6)
  11 mana vipers
  An iron dragon zombie (Depths:4)
  6 wolf spiders
  6 harpies
  79 ugly things
  2 tengu skeletons
  67 deep elf magi
  7 orc sorcerers
  A manticore (D:15)
  10 shining eyes
  A sphinx skeleton (WizLab)
  2 worldbinders
  A shadow dragon skeleton (Crypt:3)
  15 cyclopes
  5 moths of wrath (Zig:15)
  5 eyes of devastation
  5 rust devils (Zig:6)
  19 salamanders
  A stone giant skeleton (Crypt:3)
  3 elephants (Lair:5)
  A dire elephant zombie (Tomb:2)
  2 apocalypse crabs
  An elephant (shapeshifter) (Depths:3)
  11 vault sentinels
  27 black mambas
  Maurice (D:11)
  A guardian serpent (shapeshifter) (Elf:1)
  19 naga magi
  An ice statue (Vaults:4)
  An iron dragon skeleton (Zig:13)
  4 fire giant skeletons
  3 smoke demons
  2 torpor snails
  35 spiny frogs
  2 gargoyles
  4 guardian serpents
  Psyche (D:9)
  6 centaur skeletons
  2 orange demons
  5 hellions
  A pale draconian zombie (Crypt:3)
  34 yaktaurs
  A hellwing (WizLab)
  A kobold demonologist (Depths:4)
  A rime drake (Lair:3)
  2 komodo dragons (shapeshifter)
  A dire elephant skeleton (Crypt:3)
  14 freezing wraiths
  2 tormentors
  An efreet (Depths:2)
  8 komodo dragons
  A spriggan zombie (Zig:4)
  A death yak skeleton (Crypt:3)
  A catoblepas skeleton (Crypt:1)
  2 pale draconian skeletons
  35 guardian mummies
  An ancient zyme (Zig:11)
  A hydra zombie (Tomb:1)
  A polar bear (shapeshifter) (Vaults:1)
  11 small abominations
  A tengu conjurer (Depths:3)
  3 meliai (D:15)
  A meliai (shapeshifter) (Elf:1)
  2 red devils (Depths:2)
  9 tyrant leeches
  2 polar bears
  10 trolls
  A queen bee (shapeshifter) (Vaults:4)
  A jumping spider (Vaults:4)
  An ettin zombie (Vaults:1)
  A hydra skeleton (Crypt:3)
  136 slime creatures
  24 blink frogs
  A death drake skeleton (Crypt:1)
  3 bog bodies
  18 hornets
  5 raiju
  A sphinx simulacrum (Vaults:1)
  A fire giant simulacrum (Vaults:3)
  4 hippogriffs
  17 flying skulls
  10 redbacks
  3 air elementals
  17 ushabtiu
  5 spriggans
  9 shadows
  5 water elementals
  19 wraiths
  A tarantella (shapeshifter) (Depths:3)
  5 vampires
  A ynoxinul (Zig:13)
  3 tarantellas
  A hungry ghost (D:8)
  3 wyverns
  2 fire bats (Depths:2)
  15 golden eyes
  4 basilisks
  A chaos spawn (Zig:7)
  2 neqoxecs (Zig:13)
  20 yaks
  5 fire elementals
  3 human simulacra
  Grum (D:10)
  2 hogs (D:11)
  A steam dragon (D:12)
  12 vampire mosquitoes
  A spatial vortex (WizLab)
  44 nagas
  A water nymph zombie (Crypt:3)
  10 insubstantial wisps
  5 wargs
  A warg (shapeshifter) (Depths:2)
  18 swamp worms
  2 acid dragons (D:15)
  3 hell hounds (Orc:2)
  A hydra simulacrum (Crypt:3)
  A deep troll skeleton (Crypt:2)
  A spiny frog zombie (Crypt:3)
  An ogre skeleton (Vaults:1)
  2 human skeletons
  5 porcupines
  A soldier ant (Snake:4)
  6 water moccasins
  11 swamp drakes
  41 orc warriors
  4 ice beasts
  A torturous demonspawn skeleton (Crypt:1)
  30 ogres
  10 eyes of draining
  A spiny frog skeleton (Tomb:3)
  A black bear (D:13)
  5 necrophages
  4 phantoms
  3 sky beasts
  A blink frog zombie (Crypt:2)
  A hornet zombie (D:15)
  A lindwurm zombie (Crypt:2)
  12 boggarts
  A lindwurm skeleton (Crypt:1)
  2 wolves (D:10)
  8 centaurs
  10 crocodiles
  A fire crab zombie (Crypt:1)
  4 big kobolds
  28 bullfrogs
  A cyclops zombie (Crypt:1)
  A komodo dragon skeleton (Crypt:3)
  A deep troll simulacrum (Vaults:3)
  2 earth elementals (Elf:1)
  A wyvern skeleton (D:13)
  A wyvern zombie (D:7)
  A spiny frog simulacrum (Tomb:2)
  3 scorpions
  13 killer bees
  3 wights (D:13)
  6 howler monkeys
  A wolf zombie (Crypt:1)
  8 crimson imps
  2 bullfrog zombies
  A lava snake (D:8)
  3 jellies
  3 bullfrog skeletons
  5 centaur zombies
  7 orc priests
  4 hounds
  A soldier ant zombie (Crypt:2)
  2 iron imps
  19 orc wizards
  4 iguanas
  11 worker ants
  2 hound skeletons
  2 hound zombies
  40 mummies
  A worker ant zombie (D:7)
  5 gnolls
  A howler monkey skeleton (D:6)
  9 adders
  4 shadow imps
  15 white imps
  2 oozes
  An adder zombie (D:6)
  2 halfling skeletons
  A worm (D:2)
  2 dart slugs
  4 leopard geckos
  90 orcs
  A ball python (Sewer)
  8 giant cockroaches
  15 goblins
  7 hobgoblins
  7 jackals (D:2)
  4 quokkas
  A ball python zombie (Crypt:2)
  10 bats
  4 frilled lizards
  A frilled lizard zombie (Crypt:1)
  A jackal skeleton (D:4)
  33 kobolds
  A leopard gecko zombie (D:5)
  An orc skeleton (Crypt:3)
  16 rats
  A briar patch (Swamp:1)
  A butterfly (Lair:2)
  3 crawling corpses (Elf:3)
  4 fungi
  2 plants
  5 starspawn tentacles
2709 creatures vanquished.

Vanquished Creatures (collateral kills)
  A golden dragon (Vaults:4)
  A lich (Depths:2)
  A nagaraja (Snake:4)
  A tengu reaver (Depths:5)
  A deep elf sorcerer (Vaults:4)
  An ironheart preserver (Vaults:3)
  2 very ugly things
  2 stone giants
  A bennu (Tomb:3)
  A deep elf annihilator (Depths:4)
  A deep elf demonologist (Elf:2)
  A spark wasp (Depths:3)
  2 naga sharpshooters (Snake:4)
  2 deep elf knights
  2 skeletal warriors
  A naga ritualist (Snake:3)
  3 deep elf magi (Elf:2)
  2 ugly things (Depths:1)
  2 salamanders
  A guardian serpent (Snake:1)
  7 naga magi
  A spiny frog (Swamp:3)
  A guardian mummy (Tomb:2)
  A red devil (Depths:2)
  2 bog bodies (Swamp:3)
  3 slime creatures
  2 flying skulls (Tomb:1)
  A fire bat (Depths:2)
  5 nagas (Snake:4)
  An earth elemental (Elf:2)
53 creatures vanquished.

Vanquished Creatures (others)
  10 eldritch tentacles
  A thorn hunter (Swamp:1)
  2 fire giants
  An ironheart preserver (Vaults:2)
  A stone giant (Crypt:1)
  A deep elf annihilator (Elf:3)
  7 death scarabs (Tomb:2)
  A naga ritualist (Snake:1)
  2 ironbrand convokers
  A wizard (D:13)
  A necromancer (Vaults:1)
  2 deep elf magi
  A fire giant zombie (Tomb:2)
  3 flying skulls
  A spriggan (Swamp:4)
  An ushabti (Tomb:2)
  2 spatial vortices
  4 boggarts
  An ogre (Vaults:3)
  A crimson imp (D:11)
  4 mummies (Tomb:2)
  6 ball lightnings
  A briar patch (Swamp:1)
  7 fire vortices
  6 fungi
  48 plants
  5 starspawn tentacles
121 creatures vanquished.

Grand Total: 2883 creatures vanquished

Notes
Turn   | Place    | Note
-------+----------+-------------------------------------------
     0 | D:1      | grizmgrazm2 the Gargoyle Fighter began the quest for the Orb.
     0 | D:1      | Reached XP level 1. HP: 14/14 MP: 1/1
   111 | D:1      | Reached XP level 2. HP: 19/19 MP: 2/2
   292 | D:1      | Reached XP level 3. HP: 23/23 MP: 3/3
   930 | D:2      | Reached skill level 1 in Dodging
   989 | D:1      | Reached XP level 4. HP: 22/29 MP: 4/4
  1451 | D:2      | Found a hazy altar of Hepliaklqana.
  1713 | D:2      | Found an iron altar of Okawaru.
  1720 | D:2      | Became a worshipper of Warmaster Okawaru
  1745 | D:2      | Found an ancient bone altar of Kikubaaqudgha.
  1745 | D:2      | Found a bloodstained altar of Trog.
  2086 | D:3      | Found a shattered altar of Ashenzari.
  2236 | D:4      | Found a staircase to the Ecumenical Temple.
  2258 | D:4      | Reached XP level 5. HP: 33/33 MP: 5/5
  2259 | D:4      | Found a glowing drain.
  2278 | Sewer    | Entered a sewer
  2628 | D:4      | Found a glowing golden altar of the Shining One.
  2628 | D:4      | Found a sacrificial altar of Ru.
  2933 | D:4      | You fall through a shaft for 2 floors!
  3012 | D:6      | Reached XP level 6. HP: 38/38 MP: 6/6
  3078 | D:6      | Noticed a basilisk
  3098 | D:6      | Killed a basilisk
  3098 | D:6      | Reached * piety under Okawaru
  3110 | D:6      | Noticed an ice beast
  3117 | D:6      | Killed an ice beast
  3117 | D:6      | Reached XP level 7. HP: 44/44 MP: 7/7
  3123 | D:5      | Entered Level 5 of the Dungeon
  3193 | D:5      | Reached skill level 5 in Fighting
  3193 | D:5      | Reached skill level 5 in Armour
  3193 | D:5      | Reached skill level 5 in Shields
  3245 | D:5      | Found Towaciz's Weapon Shop.
  3617 | D:4      | Reached ** piety under Okawaru
  3617 | D:4      | Reached XP level 8. HP: 49/49 MP: 8/8
  3750 | D:5      | Got a fine broad axe
  3751 | D:5      | Identified the +5 broad axe of Mana {venom, Fragile +Inv Int+5 Stlth+} (You found it on level 5 of the Dungeon)
  3765 | D:5      | Found an ornate altar of the Wu Jian Council.
  4068 | D:5      | Found a sparkling altar of Nemelex Xobeh.
  4464 | D:6      | Reached skill level 5 in Maces & Flails
  5056 | D:7      | Reached XP level 9. HP: 52/56 MP: 9/9
  5095 | D:7      | Reached *** piety under Okawaru
  5145 | D:7      | Noticed a hornet
  5182 | D:7      | Killed a hornet
  5182 | D:7      | Reached skill level 1 in Invocations
  5227 | D:7      | Noticed a wizard
  5231 | D:7      | Noticed an orc sorcerer
  5232 | D:7      | Noticed a hellwing
  5251 | D:6      | Killed a wizard
  5432 | D:8      | Noticed a hornet
  5432 | D:8      | Noticed a hornet
  5440 | D:8      | Killed a hornet
  5440 | D:8      | Noticed a hornet
  5451 | D:8      | Killed a hornet
  5451 | D:8      | Reached **** piety under Okawaru
  5478 | D:8      | Killed a hornet
  5478 | D:8      | Noticed a hornet
  5498 | D:8      | Killed a hornet
  5498 | D:8      | Reached XP level 10. HP: 46/63 MP: 12/12
  5723 | D:8      | Found a snail-covered altar of Cheibriados.
  5727 | D:8      | Found Zemopihi's Food Emporium.
  5884 | D:8      | Reached ***** piety under Okawaru
  5897 | D:8      | Received a gift from Okawaru
  5973 | D:8      | Reached XP level 11. HP: 64/67 MP: 13/13
  6024 | D:8      | Noticed a purple ugly thing
  6052 | D:8      | Killed a purple ugly thing
  6052 | D:8      | Reached skill level 5 in Dodging
  6258 | D:9      | Received a gift from Okawaru
  6259 | D:9      | Got a scorched lajatang {god gift}
  6389 | D:9      | Found a staircase to the Lair.
  6391 | D:9      | Noticed Psyche
  6396 | D:9      | Cast into level 2 of the Abyss (Psyche)
  6401 | D:9      | Escaped the Abyss
  6403 | D:9      | Killed Psyche
  6413 | D:9      | Noticed a two-headed ogre
  6420 | D:9      | Killed a two-headed ogre
  6526 | D:9      | Found a white marble altar of Elyvilon.
  6806 | Lair:1   | Entered Level 1 of the Lair of Beasts
  6960 | Lair:1   | Identified the +6 lajatang of Wisdom {slice, +Inv rF+ Str+5} (Okawaru gifted it to you on level 9 of the Dungeon)
  7308 | Lair:1   | Noticed an oklob plant
  7501 | Lair:1   | Reached skill level 1 in Staves
  7640 | Lair:1   | Noticed an oklob plant
  7734 | Lair:2   | Reached XP level 12. HP: 74/74 MP: 15/15
  7773 | Lair:2   | Noticed Gastronok
  7784 | Lair:2   | Killed Gastronok
  7784 | Lair:2   | Received a gift from Okawaru
  8539 | Lair:3   | Found a snail-covered altar of Cheibriados.
  8554 | Lair:3   | Reached skill level 1 in Evocations
  8753 | Lair:3   | Found a staircase to the Snake Pit.
  8790 | Lair:3   | Received a gift from Okawaru
  9060 | Lair:3   | Noticed a six-headed hydra
  9068 | Lair:3   | Killed a six-headed hydra
  9627 | Lair:4   | Found a staircase to the Swamp.
  9653 | Lair:4   | Received a gift from Okawaru
  9653 | Lair:4   | Reached XP level 13. HP: 52/82 MP: 16/16
  9690 | Lair:4   | Reached skill level 10 in Armour
  9694 | Lair:4   | Got a pair of pitted gloves {god gift}
  9704 | Lair:4   | Reached skill level 10 in Fighting
  9715 | Lair:4   | Identified the +1 pair of gloves of Okawaru's Benevolence {rF+ MR+} (Okawaru gifted it to you on level 4 of the Lair of Beasts)
  9808 | Lair:4   | Noticed an ice dragon
  9870 | Lair:4   | Killed an ice dragon
 10852 | Lair:5   | Found a staircase to the Slime Pits.
 10935 | Lair:5   | Got a polished great sword
 10936 | Lair:5   | Identified the cursed +1 great sword of Guik {antimagic, *Slow +Blink rN+ Dex+5} (You found it on level 5 of the Lair of Beasts)
 11730 | Lair:6   | Entered Level 6 of the Lair of Beasts
 12782 | Lair:5   | Reached skill level 5 in Evocations
 13369 | Lair:6   | Reached ****** piety under Okawaru
 13622 | Lair:6   | Gained mutation: Your large and strong wings let you fly indefinitely. [Gargoyle growth]
 13622 | Lair:6   | Reached XP level 14. HP: 62/90 MP: 18/18
 13957 | Lair:6   | Received a gift from Okawaru
 13958 | Lair:6   | Found the +5 demon whip "Spellbinder" {antimagic, MR+}
 13989 | Lair:6   | Identified a scroll of acquirement
 14352 | D:10     | Entered Level 10 of the Dungeon
 14498 | D:10     | Noticed Harold
 14510 | D:10     | Noticed Harold
 14510 | D:10     | Harold changed into Harold the torpor snail
 14514 | D:10     | Killed Harold the torpor snail
 14523 | D:10     | Noticed Nergalle
 14525 | D:10     | Noticed Grum
 14545 | D:10     | Banished Nergalle
 14552 | D:10     | Killed Grum
 14586 | D:10     | Found a staircase to the Orcish Mines.
 14846 | Orc:1    | Entered Level 1 of the Orcish Mines
 14857 | Orc:1    | Noticed Snorg
 14879 | Orc:1    | Killed Snorg
 15459 | Orc:1    | Found a roughly hewn altar of Beogh.
 15510 | Orc:1    | Noticed Josephine
 15523 | Orc:1    | Killed Josephine
 15556 | Orc:1    | Received a gift from Okawaru
 15828 | Orc:2    | Entered Level 2 of the Orcish Mines
 16295 | Orc:2    | Found Tebar's Antique Armour Emporium.
 16681 | Orc:2    | Bought a brightly glowing helmet for 161 gold pieces
 16681 | Orc:2    | Bought a pitted plate armour for 476 gold pieces
 16691 | Orc:2    | Identified the +0 helmet of the Iron City of Dis {Str+4 Dex+3} (You bought it in a shop on level 2 of the Orcish Mines)
 16701 | Orc:2    | Identified the +9 plate armour of Marbles {Regen+} (You bought it in a shop on level 2 of the Orcish Mines)
 16715 | Orc:2    | Found a roughly hewn altar of Beogh.
 16738 | Orc:2    | Found a staircase to the Elven Halls.
 16773 | Orc:2    | Found Echiuje's Book Boutique.
 16848 | Orc:2    | Found Atreuluu's Antique Weapon Shoppe.
 17029 | Orc:2    | Noticed Azrael
 17136 | Orc:2    | Killed Azrael
 17197 | Orc:2    | Found Daelu's General Store.
 17205 | Orc:2    | Bought a scroll of identify for 28 gold pieces
 17411 | D:11     | Noticed Maurice
 17427 | D:11     | Killed Maurice
 17901 | D:12     | Noticed Kirke
 17912 | D:11     | Received a gift from Okawaru
 18195 | D:11     | Killed Kirke
 18195 | D:11     | Received a gift from Okawaru
 18195 | D:11     | Reached XP level 15. HP: 87/96 MP: 5/20
 19106 | D:13     | Found a gate to the Vaults.
 19279 | D:13     | Reached skill level 15 in Maces & Flails
 19279 | D:13     | Reached skill level 10 in Shields
 19373 | D:13     | Found a flagged portal.
 19383 | Bailey   | Entered a bailey
 19843 | D:13     | Noticed Frances
 19864 | D:13     | Killed Frances
 19879 | D:13     | Found Verhot's Armour Boutique.
 19954 | D:13     | Found a bloodstained altar of Trog.
 20621 | D:15     | Entered Level 15 of the Dungeon
 20768 | D:15     | Received a gift from Okawaru
 20769 | D:15     | Got a smoking flail {god gift}
 20852 | D:15     | Found a staircase to the Depths.
 21056 | D:15     | Received a gift from Okawaru
 21139 | D:15     | Found a frozen archway.
 21311 | D:15     | Identified the +2 flail of the New World {crush, rF+ MR- Int+3 SInv} (Okawaru gifted it to you on level 15 of the Dungeon)
 21334 | D:15     | Found Micwelef's Assorted Antiques.
 21662 | D:14     | Found Kegedux's General Store.
 21666 | D:14     | Bought a scroll of blinking for 112 gold pieces
 21666 | D:14     | Bought a scroll of enchant weapon for 112 gold pieces
 21666 | D:14     | Bought a scroll of blinking for 112 gold pieces
 21666 | D:14     | Bought a potion of haste for 150 gold pieces
 21666 | D:14     | Bought a potion of curing for 45 gold pieces
 21920 | Snake:1  | Entered Level 1 of the Snake Pit
 21950 | Snake:1  | Reached XP level 16. HP: 103/103 MP: 7/22
 22143 | Snake:1  | Noticed Nikola
 22174 | Snake:1  | Banished Nikola
 23041 | Snake:2  | Received a gift from Okawaru
 23134 | Snake:2  | Found a hide-covered altar of Uskayaw.
 23212 | Snake:2  | Noticed a nagaraja
 23247 | Snake:2  | Killed a nagaraja
 24046 | Snake:3  | Reached XP level 17. HP: 105/110 MP: 7/23
 24100 | Snake:3  | Received a gift from Okawaru
 24101 | Snake:3  | Got an ichor-stained dire flail {god gift}
 24102 | Snake:3  | Identified the +11 dire flail "Zyuvaqir" {crush, *Contam rF++ Dex+4 SInv} (Okawaru gifted it to you on level 3 of the Snake Pit)
 24221 | Snake:3  | Reached skill level 5 in Invocations
 24551 | Snake:4  | Entered Level 4 of the Snake Pit
 25009 | Snake:4  | Was placed under penance by Okawaru
 25073 | Snake:4  | Was forgiven by Okawaru
 25481 | Snake:4  | Got a serpentine rune of Zot
 25689 | Swamp:1  | Entered Level 1 of the Swamp
 25952 | Swamp:3  | Received a gift from Okawaru
 25984 | Swamp:4  | Entered Level 4 of the Swamp
 26052 | Swamp:4  | Identified the Collected Works on Evil Enhancements
 26399 | Swamp:4  | Reached XP level 18. HP: 68/117 MP: 8/24
 26642 | Swamp:4  | Got a decaying rune of Zot
 27287 | Swamp:3  | Received a gift from Okawaru
 28061 | Swamp:1  | Reached skill level 15 in Armour
 28249 | Swamp:1  | Reached skill level 15 in Fighting
 28323 | Swamp:1  | Noticed Donald
 28336 | Swamp:1  | Banished Donald
 28828 | Depths:1 | Entered Level 1 of the Depths
 29051 | Depths:1 | Found a portal to a secret trove of treasure.
 29084 | Depths:1 | You paid a toll of 4 scrolls of blinking to enter a treasure trove
 29085 | Trove    | Entered a treasure trove
 29092 | Trove    | Got a scintillating granite ring
 29098 | Trove    | Got a pitted lapis lazuli ring
 29100 | Trove    | Got a sparkling turquoise ring
 29102 | Trove    | Got a wavering graven amulet
 29104 | Trove    | Got a smoking pewter ring
 29106 | Trove    | Got a twitching sapphire amulet
 29108 | Trove    | Got a flickering copper amulet
 29110 | Trove    | Got a coiled bone ring
 29140 | Trove    | Got a transparent gossamer ring
 29417 | Lair:4   | Identified the ring "Latriar" {*Slow rElec SInv Stlth+} (You found it in a treasure trove)
 29419 | Lair:4   | Identified the ring "Qyaczum" {rCorr rN+} (You found it in a treasure trove)
 29422 | Lair:4   | Identified the ring of Impigyro {Ice *Contam Dex+5} (You found it in a treasure trove)
 29423 | Lair:4   | Identified the ring of Hoats {rF++ Str+4 Int-5 Dex+2} (You found it in a treasure trove)
 29424 | Lair:4   | Identified the ring "Gyumn" {rC- MR++ MP+9 Dex+4 Stlth+} (You found it in a treasure trove)
 29425 | Lair:4   | Identified the amulet "Tupuegoe" {+Rage Str+5} (You found it in a treasure trove)
 29426 | Lair:4   | Identified the ring "Giaklisk" {rElec rF+ Str+2 Int+5} (You found it in a treasure trove)
 29427 | Lair:4   | Identified the amulet of Lilev {Faith +Fly rF+ Str+2 Stlth+} (You found it in a treasure trove)
 29428 | Lair:4   | Identified the amulet "Icaywe" {Gourm +Inv rF+ Str+6 Int-3} (You found it in a treasure trove)
 29604 | D:14     | Bought a scroll of remove curse for 45 gold pieces
 29837 | Elf:1    | Entered Level 1 of the Elven Halls
 30072 | Elf:1    | Was placed under penance by Okawaru
 30135 | Elf:1    | Found the +6 shillelagh "Devastator" {shatter}
 30507 | Elf:1    | Got a steaming silver amulet
 30625 | Elf:1    | Was forgiven by Okawaru
 30640 | Elf:1    | Reached XP level 19. HP: 75/124 MP: 8/26
 31242 | Elf:1    | Received a gift from Okawaru
 31573 | Elf:2    | Noticed Saint Roka
 31595 | Elf:2    | Killed Saint Roka
 31886 | Elf:2    | Reached skill level 10 in Invocations
 31892 | Elf:2    | Identified the amulet "Ruoq" {Gourm *Corrode rElec Str-5 Dex+8} (You found it on level 1 of the Elven Halls)
 31974 | Elf:2    | Found a runed gate.
 31974 | Elf:2    | Found a runed gate.
 31988 | Elf:2    | Found a runed gate.
 32094 | Elf:2    | Received a gift from Okawaru
 32536 | Elf:3    | Entered Level 3 of the Elven Halls
 32777 | Elf:3    | Noticed Louise
 32800 | Elf:3    | Received a gift from Okawaru
 32877 | Elf:3    | Killed Louise
 33086 | Elf:3    | Noticed Aizul
 33295 | Elf:3    | Noticed a Hell Sentinel
 33297 | Elf:3    | Received a gift from Okawaru
 33672 | Elf:3    | Reached XP level 20. HP: 111/132 MP: 9/28
 33855 | Elf:3    | Reached skill level 15 in Shields
 34271 | Elf:3    | Received a gift from Okawaru
 34271 | Elf:3    | Was placed under penance by Okawaru
 34278 | Elf:3    | Got an iridescent trident {god gift}
 34541 | Elf:3    | Was forgiven by Okawaru
 34721 | Elf:3    | Identified the Collected Works on Air
 35314 | Depths:1 | Found Foiplaba's Jewellery Emporium.
 35319 | Depths:1 | Bought an uncursed ring of stealth for 210 gold pieces
 35319 | Depths:1 | Bought a cursed amulet of inaccuracy for 24 gold pieces
 35319 | Depths:1 | Bought an uncursed ring of resist corrosion for 240 gold pieces
 35319 | Depths:1 | Bought an uncursed amulet of the acrobat for 360 gold pieces
 35510 | Depths:1 | Was placed under penance by Okawaru
 35869 | Depths:1 | Found Cubiupt's Jewellery Emporium.
 35954 | Depths:1 | Found a gateway to Hell.
 36354 | Depths:1 | Bought an uncursed ring of protection from fire for 450 gold pieces
 36648 | Vaults:1 | Entered Level 1 of the Vaults
 36752 | Vaults:1 | Found Limael's Jewellery Shop.
 36853 | Vaults:1 | Was forgiven by Okawaru
 37641 | Vaults:1 | Received a gift from Okawaru
 37655 | Vaults:1 | Reached XP level 21. HP: 118/139 MP: 10/30
 37675 | Vaults:1 | Got a distressingly furry crystal plate armour {god gift}
 37686 | Vaults:1 | Identified the +8 crystal plate armour of Okawaru's Favour {rElec} (Okawaru gifted it to you on level 1 of the Vaults)
 38765 | Depths:2 | Got a warped lead ring
 39866 | Depths:2 | Received a gift from Okawaru
 40631 | Depths:3 | Found a one-way gate leading to the halls of Pandemonium.
 40641 | Depths:3 | Received a gift from Okawaru
 40690 | Depths:3 | Noticed a caustic shrike
 40692 | Depths:3 | Noticed a caustic shrike
 40694 | Depths:3 | Noticed a caustic shrike
 40748 | Depths:3 | Killed a caustic shrike
 40756 | Depths:3 | Killed a caustic shrike
 40781 | Depths:3 | Killed a caustic shrike
 40781 | Depths:3 | Reached XP level 22. HP: 116/146 MP: 8/32
 41199 | Depths:3 | Found a gateway to a ziggurat.
 41389 | Depths:3 | Received a gift from Okawaru
 42544 | Depths:3 | Found a runed door.
 42768 | Depths:3 | Identified Plog's Catalogue of Lucky Malediction
 42937 | Depths:3 | Identified the ring "Qisuoraxt" {rPois rN+ Int+3 Stlth+} (You found it on level 2 of the Depths)
 42996 | Depths:4 | Upgraded the game from 0.22-a0-515-g75794bf to 0.22-a0-525-gf69a080
 43004 | Depths:4 | Noticed a caustic shrike
 43021 | Depths:3 | Killed a caustic shrike
 43547 | Depths:4 | Received a gift from Okawaru
 43582 | Depths:4 | Reached skill level 1 in Stealth
 43911 | Depths:4 | Found an iron altar of Okawaru.
 44499 | Depths:4 | Gained mutation: You tend to lose your temper in combat. [a shining eye]
 44517 | Depths:4 | Reached XP level 23. HP: 153/153 MP: 11/33
 44564 | Depths:4 | Noticed a juggernaut
 44699 | Depths:3 | Killed a juggernaut
 44830 | Depths:4 | Found a one-way gate to the infinite horrors of the Abyss.
 45112 | Depths:4 | Noticed a juggernaut
 45143 | Depths:4 | Killed a juggernaut
 45230 | Depths:4 | Received a gift from Okawaru
 45231 | Depths:4 | Got a transparent double sword {god gift}
 45233 | Depths:4 | Got a brightly glowing morningstar {pain}
 45506 | Depths:5 | Entered Level 5 of the Depths
 45820 | Depths:5 | Noticed Xtahua
 46097 | Depths:5 | Identified the +5 morningstar "Abroxkoina" {pain, rElec} (You took it off a deep elf annihilator on level 4 of the Depths)
 46098 | Depths:5 | Identified the +1 double sword of Valiance {slice, rC+ Int+4} (Okawaru gifted it to you on level 4 of the Depths)
 46136 | Depths:5 | Reached skill level 5 in Stealth
 46347 | Depths:5 | Noticed Xtahua
 46347 | Depths:5 | Xtahua changed into Xtahua the juggernaut
 46372 | Depths:5 | Killed Xtahua the juggernaut
 46372 | Depths:5 | Received a gift from Okawaru
 46389 | Depths:4 | Identified a +2 pair of boots of running (Okawaru gifted it to you on level 5 of the Depths)
 46769 | Depths:5 | Noticed a golden dragon
 46793 | Depths:5 | Killed a golden dragon
 47244 | Depths:5 | Found a gate to the Realm of Zot.
 47553 | Depths:5 | Noticed Boris
 47557 | Depths:5 | Banished Boris
 48604 | Vaults:2 | Reached XP level 24. HP: 153/160 MP: 11/33
 48760 | Vaults:2 | Noticed Sojobo
 48784 | Vaults:2 | Noticed Sojobo
 48784 | Vaults:2 | Sojobo changed into Sojobo the golden dragon
 48788 | Vaults:2 | Killed Sojobo the golden dragon
 49537 | Vaults:2 | Received a gift from Okawaru
 50598 | D:15     | Bought a scroll of teleportation for 84 gold pieces
 51558 | Vaults:3 | Found a staircase to the Crypt.
 51558 | Vaults:3 | Found a basalt altar of Yredelemnul.
 51559 | Vaults:3 | Found an ancient bone altar of Kikubaaqudgha.
 51847 | Vaults:3 | Found Lotaett's Book Shoppe.
 51854 | Vaults:3 | Bought a manual of Dodging for 1987 gold pieces
 51925 | Vaults:3 | Received a gift from Okawaru
 51926 | Vaults:3 | Got an ichor-stained chain mail {god gift}
 52760 | Vaults:4 | Found a gateway to a bazaar.
 52772 | Bazaar   | Entered a bazaar
 52791 | Bazaar   | Found Witigeut's Gadget Boutique.
 52791 | Bazaar   | Found Vuggi's Book Shop.
 52849 | Bazaar   | Found Obofieneh's Book Boutique.
 52849 | Bazaar   | Found Gammoebb's Magic Scroll Shop.
 52867 | Bazaar   | Bought a scroll of fear for 42 gold pieces
 52867 | Bazaar   | Bought a scroll of fear for 42 gold pieces
 52867 | Bazaar   | Bought a scroll of fog for 24 gold pieces
 52867 | Bazaar   | Bought a scroll of enchant armour for 90 gold pieces
 52867 | Bazaar   | Bought a scroll of teleportation for 36 gold pieces
 54697 | Vaults:4 | Reached skill level 10 in Dodging
 54700 | Vaults:4 | Reached skill level 10 in Stealth
 54818 | Vaults:5 | Entered Level 5 of the Vaults
 54833 | Vaults:5 | Reached XP level 25. HP: 162/168 MP: 3/33
 54834 | Vaults:5 | Received a gift from Okawaru
 55567 | Vaults:5 | Received a gift from Okawaru
 56446 | Vaults:5 | Noticed Mennas
 56474 | Vaults:4 | Noticed a juggernaut
 56474 | Vaults:4 | a titan changed into a juggernaut
 56486 | Vaults:4 | Killed a juggernaut
 56537 | Vaults:4 | Was placed under penance by Okawaru
 56550 | Vaults:4 | Killed Mennas
 57125 | D:4      | Fell from the grace of Okawaru
 57125 | D:4      | Became a worshipper of the Shining One
 57432 | Slime:1  | Entered Level 1 of the Pits of Slime
 57434 | Slime:1  | Gained mutation: You are surrounded by a mild repulsion field. (EV +2) [a shining eye]
 57436 | Slime:1  | Gained mutation: You have a pair of small antennae on your head. [a shining eye]
 57442 | Slime:1  | Gained mutation: You are frail. (-10% HP) [a shining eye]
 57450 | Lair:5   | Gained mutation: Your body sometimes deteriorates upon taking damage. [a shining eye]
 61372 | Lair:1   | Lost mutation: You have a pair of small antennae on your head. [potion of mutation]
 61372 | Lair:1   | Lost mutation: You are frail. (-10% HP) [potion of mutation]
 61372 | Lair:1   | Lost mutation: You are surrounded by a mild repulsion field. (EV +2) [potion of mutation]
 61372 | Lair:1   | Lost mutation: You tend to lose your temper in combat. [potion of mutation]
 61372 | Lair:1   | Gained mutation: Scrolls take you a little longer to read. [potion of mutation]
 61372 | Lair:1   | Gained mutation: You have a pair of small horns on your head. [potion of mutation]
 61372 | Lair:1   | Gained mutation: You expend magic power (3 MP) to strengthen your wands. [potion of mutation]
 61372 | Lair:1   | Gained mutation: You are agile. (Dex +2) [potion of mutation]
 61429 | D:12     | Lost mutation: You are agile. (Dex +2) [potion of mutation]
 61429 | D:12     | Lost mutation: Scrolls take you a little longer to read. [potion of mutation]
 61429 | D:12     | Lost mutation: Your body sometimes deteriorates upon taking damage. [potion of mutation]
 61429 | D:12     | Lost mutation: You have a pair of small horns on your head. [potion of mutation]
 61429 | D:12     | Gained mutation: You are resistant to hostile enchantments. (MR+) [potion of mutation]
 61429 | D:12     | Gained mutation: You are surrounded by a mild repulsion field. (EV +2) [potion of mutation]
 61429 | D:12     | Gained mutation: You have supernaturally acute eyesight. (SInv) [potion of mutation]
 61892 | Vaults:5 | Got a clouded ruby amulet
 61916 | Vaults:5 | Reached * piety under the Shining One
 61993 | Vaults:5 | Identified Qiebefem's Guide on Shifting Flames
 62002 | Vaults:5 | Got a steaming silver ring
 62004 | Vaults:5 | Got a silver rune of Zot
 62005 | Vaults:5 | Identified Sif Muna's Incunabulum of Quantum Poison
 62074 | Vaults:5 | Reached XP level 26. HP: 174/174 MP: 33/33
 62761 | Crypt:1  | Entered Level 1 of the Crypt
 63064 | Crypt:1  | Reached ** piety under the Shining One
 63167 | Crypt:1  | Reached *** piety under the Shining One
 63392 | Crypt:1  | Was forgiven by Okawaru
 63481 | Crypt:1  | Noticed Bai Suzhen
 63514 | Crypt:1  | Killed Bai Suzhen
 63760 | Crypt:2  | Reached **** piety under the Shining One
 64009 | Crypt:2  | Reached ***** piety under the Shining One
 64015 | Crypt:2  | Reached skill level 15 in Invocations
 64305 | Crypt:2  | Found a magical portal.
 64310 | WizLab   | Entered The Roulette of Golubria
 64310 | WizLab   | Found a transporter.
 64319 | WizLab   | Found a corrupted altar of Lugonu.
 64344 | WizLab   | Found a transporter.
 64372 | WizLab   | Found a transporter.
 64415 | WizLab   | Found a transporter.
 64475 | WizLab   | Found a transporter.
 64475 | WizLab   | Found a transporter.
 64513 | WizLab   | Found a transporter.
 64570 | WizLab   | Found a transporter.
 64572 | WizLab   | Found a corrupted altar of Lugonu.
 64591 | WizLab   | Found a transporter.
 64595 | WizLab   | Found a corrupted altar of Lugonu.
 64631 | WizLab   | Found a transporter.
 64923 | WizLab   | Found a transporter.
 64956 | WizLab   | Found a transporter.
 64956 | WizLab   | Found a transporter.
 64981 | WizLab   | Identified the Grimoire of Dislocation
 64994 | WizLab   | Found a transporter.
 65286 | WizLab   | Found a transporter.
 65286 | WizLab   | Found a transporter.
 65320 | WizLab   | Found a transporter.
 65339 | WizLab   | Identified Sif Muna's Guide on the Traveller
 65495 | Crypt:3  | Entered Level 3 of the Crypt
 65504 | Crypt:3  | Reached ****** piety under the Shining One
 66081 | Crypt:3  | Found a staircase to the Tomb.
 67134 | Crypt:3  | Identified a +9 eveningstar of holy wrath (a +9 eveningstar of holy wrath blessed by the Shining One)
 67134 | Crypt:3  | Received a gift from the Shining One
 67195 | Crypt:3  | Noticed a greater mummy
 67213 | Crypt:3  | Killed a greater mummy
 67213 | Crypt:3  | Reached XP level 27. HP: 179/181 MP: 34/34
 67225 | Crypt:3  | Got a pitted copper ring
 67230 | Crypt:3  | Got a clouded tin ring
 67233 | Crypt:3  | Found a basalt altar of Yredelemnul.
 67235 | Crypt:3  | Found an ancient bone altar of Kikubaaqudgha.
 67247 | Crypt:3  | Identified the Almanac of Black Rituals and Changing
 69725 | Slime:3  | Gained mutation: Armour fits poorly on your strangely shaped body. [a shining eye]
 69727 | Slime:3  | Gained mutation: You are occasionally teleported next to monsters. [a shining eye]
 69731 | Slime:3  | Gained mutation: Your magical capacity is low. (-10% MP) [a shining eye]
 69734 | Slime:3  | Gained mutation: Your magical capacity is very low. (-20% MP) [a shining eye]
 70118 | Vaults:3 | Lost mutation: Your magical capacity is very low. (-20% MP) [potion of mutation]
 70118 | Vaults:3 | Lost mutation: Armour fits poorly on your strangely shaped body. [potion of mutation]
 70118 | Vaults:3 | Lost mutation: You are occasionally teleported next to monsters. [potion of mutation]
 70118 | Vaults:3 | Lost mutation: You are surrounded by a mild repulsion field. (EV +2) [potion of mutation]
 70118 | Vaults:3 | Gained mutation: You are partially covered in molten scales. (AC +2) [potion of mutation]
 70118 | Vaults:3 | Gained mutation: You can translocate small distances at will. [potion of mutation]
 70118 | Vaults:3 | Gained mutation: Your spells are a little harder to cast, but a little more powerful. [potion of mutation]
 70593 | Slime:4  | Gained mutation: Your body sometimes deteriorates upon taking damage. [a shining eye]
 70981 | Slime:5  | Entered Level 5 of the Pits of Slime
 71143 | Slime:5  | Gained mutation: Potions are less effective at restoring your health. [a shining eye]
 71273 | Slime:5  | Noticed the Royal Jelly
 71282 | Slime:5  | Was placed under penance by the Shining One
 71292 | Slime:5  | Killed the Royal Jelly
 71649 | Slime:5  | Identified the amulet "Fucueq" {Inacc rC+} (You found it on level 5 of the Vaults)
 71702 | Slime:5  | Found the +9 staff of Wucad Mu {channel}
 71743 | Slime:4  | Gained mutation: Your body often deteriorates upon taking damage. [a shining eye]
 72436 | Slime:5  | Lost mutation: You have supernaturally acute eyesight. (SInv) [a shining eye]
 72438 | Slime:5  | Gained mutation: You are partially covered in yellow scales. (AC +2) [a shining eye]
 72597 | Slime:5  | Gained mutation: You are dopey. (Int -2) [a shining eye]
 72597 | Slime:5  | Gained mutation: Your muscles are strong. (Str +2) [a shining eye]
 72598 | Slime:5  | Gained mutation: You are very dopey. (Int -4) [a shining eye]
 72598 | Slime:5  | Gained mutation: You are occasionally teleported next to monsters. [a shining eye]
 73012 | Slime:5  | Got a clouded brass amulet
 73052 | Slime:5  | Got a slimy rune of Zot
 73079 | Slime:5  | Got a warped ruby amulet
 73110 | Slime:5  | Identified Sif Muna's Handbook of Doomed Flames
 73273 | Lair:5   | Lost mutation: Your muscles are strong. (Str +2) [potion of mutation]
 73273 | Lair:5   | Lost mutation: Your spells are a little harder to cast, but a little more powerful. [potion of mutation]
 73273 | Lair:5   | Lost mutation: You are resistant to hostile enchantments. (MR+) [potion of mutation]
 73273 | Lair:5   | Lost mutation: Your magical capacity is low. (-10% MP) [potion of mutation]
 73273 | Lair:5   | Gained mutation: You are somewhat resistant to further mutation. [potion of mutation]
 73616 | Tomb:1   | Entered Level 1 of the Tomb of the Ancients
 73731 | Tomb:1   | Paralysed by a sphinx for 2 turns
 73738 | Tomb:1   | Paralysed by a sphinx for 6 turns
 73749 | Tomb:1   | Was forgiven by the Shining One
 73753 | Tomb:2   | Noticed a greater mummy
 73756 | Tomb:2   | Noticed a greater mummy
 73756 | Tomb:2   | Noticed a greater mummy
 73782 | Tomb:2   | Noticed a greater mummy
 73793 | Tomb:2   | Killed a greater mummy
 73808 | Tomb:2   | Killed a greater mummy
 73812 | Tomb:2   | Killed a greater mummy
 73837 | Tomb:2   | Killed a greater mummy
 74132 | Tomb:3   | Entered Level 3 of the Tomb of the Ancients
 74144 | Tomb:3   | Noticed Jorgrun
 74152 | Tomb:2   | Killed Jorgrun
 74350 | Tomb:3   | Noticed a greater mummy
 74350 | Tomb:3   | Noticed an ancient lich
 74353 | Tomb:3   | Noticed a greater mummy
 74361 | Tomb:3   | Noticed a greater mummy
 74749 | Tomb:3   | Killed a greater mummy
 74750 | Tomb:3   | Killed a greater mummy
 74751 | Tomb:3   | Killed an ancient lich
 74760 | Tomb:3   | Killed a greater mummy
 74881 | Tomb:3   | Noticed a greater mummy
 74891 | Tomb:3   | Killed a greater mummy
 74938 | Tomb:3   | Got a coiled tin ring
 75408 | Tomb:3   | Noticed a greater mummy
 75440 | Tomb:3   | Killed a greater mummy
 75502 | Tomb:3   | Noticed a greater mummy
 75513 | Tomb:3   | Noticed a greater mummy
 75516 | Tomb:3   | Killed a greater mummy
 75517 | Tomb:3   | Killed a greater mummy
 75674 | Tomb:3   | Noticed a greater mummy
 75711 | Tomb:3   | Killed a greater mummy
 75855 | Tomb:3   | Got a golden rune of Zot
 76053 | Tomb:1   | Noticed an ancient lich
 76054 | Tomb:1   | Noticed a greater mummy
 76070 | Tomb:1   | Killed an ancient lich
 76077 | Tomb:1   | Killed a greater mummy
 76084 | Tomb:1   | Noticed a greater mummy
 76105 | Tomb:1   | Killed a greater mummy
 76187 | Tomb:1   | Noticed Jory
 76200 | Tomb:1   | Killed Jory
 76463 | Tomb:1   | Noticed Khufu
 76463 | Tomb:1   | Noticed a greater mummy
 76479 | Tomb:1   | Killed a greater mummy
 76481 | Tomb:1   | Killed Khufu
 76968 | Zig:1    | Entered Level 1 of a ziggurat
 76983 | Zig:2    | Entered Level 2 of a ziggurat
 77007 | Zig:3    | Entered Level 3 of a ziggurat
 77293 | Zig:4    | Entered Level 4 of a ziggurat
 77346 | Zig:5    | Entered Level 5 of a ziggurat
 77386 | Zig:5    | Identified Sif Muna's Guide on the Mutagenic Traveller
 77508 | Zig:5    | Identified the ring "Fedo Boh" {AC+1 Str+3} (You found it on level 3 of the Tomb of the Ancients)
 77509 | Zig:5    | Identified the amulet "Guidurgh" {+Inv Regen+ Str+3 Int-4 Dex+9} (You found it on level 5 of the Pits of Slime)
 77513 | Zig:5    | Identified the ring of the Tempest {MP+9 Slay+3} (You found it on level 5 of the Vaults)
 77520 | Zig:6    | Entered Level 6 of a ziggurat
 77523 | Zig:6    | Found the +6 Majin-Bo {vamp, Archmagi MP+6 Int+6}
 77726 | Zig:7    | Entered Level 7 of a ziggurat
 77814 | Zig:8    | Entered Level 8 of a ziggurat
 77959 | Zig:8    | Identified the ring "Doromp" {rN+ Dex+6} (You took it off a vampire on level 3 of the Crypt)
 77960 | Zig:8    | Identified the ring of Talisog {rC+ rN+} (You took it off a vampire mage on level 3 of the Crypt)
 77966 | Zig:9    | Entered Level 9 of a ziggurat
 77988 | Zig:9    | Gained mutation: You occasionally shout uncontrollably at your foes. [a shining eye]
 78204 | Zig:10   | Entered Level 10 of a ziggurat
 78410 | Zig:10   | Got a shimmering morningstar
 78426 | Zig:10   | Identified the +6 morningstar "Ucvedghy" {freeze, MR+} (You found it on level 10 of a ziggurat)
 78435 | Zig:11   | Entered Level 11 of a ziggurat
 78554 | Zig:12   | Entered Level 12 of a ziggurat
 78697 | Zig:12   | Got a pitted pewter ring
 78708 | Zig:12   | Got an ebony mace
 78709 | Zig:12   | Identified the +5 mace "Wyfu" {venom, +Blink rN+ Int-3 Dex+4} (You found it on level 12 of a ziggurat)
 78718 | Zig:13   | Entered Level 13 of a ziggurat
 78737 | Zig:13   | Paralysed by accursed screaming for 1 turns
 78750 | Zig:13   | Paralysed by accursed screaming for 2 turns
 78756 | Zig:13   | Paralysed by accursed screaming for 1 turns
 79105 | Zig:13   | Identified the ring "Duigih" {rElec rF+ Dex+4} (You found it on level 12 of a ziggurat)
 79106 | Zig:13   | Identified the amulet "Cuewkamitt" {Acrobat Fragile +Inv rPois rF++ Str-2} (You found it on level 5 of the Pits of Slime)
 79112 | Zig:14   | Entered Level 14 of a ziggurat
 79193 | Zig:14   | Noticed a juggernaut
 79212 | Zig:14   | Killed a juggernaut
 79512 | Zig:14   | Identified the Almanac of Creative Poison
 79542 | Zig:15   | Entered Level 15 of a ziggurat
 79568 | Zig:15   | Noticed a juggernaut
 79568 | Zig:15   | Noticed a juggernaut
 79568 | Zig:15   | Noticed a juggernaut
 79569 | Zig:15   | Noticed a juggernaut
 79570 | Zig:15   | Noticed a juggernaut
 79581 | Zig:15   | Annihilated by a juggernaut

Vault maps used:
D:1:      sevenhm_arrival_forest_fort_small_5, serial_forest,
          infiniplex_forest_straight_4, infiniplex_forest_lined_3,
          infiniplex_forest_corner_1, infiniplex_forest_zigzag_1,
          infiniplex_forest_clump_medium, infiniplex_forest_clump_tiny,
          infiniplex_forest_end_2, infiniplex_forest_lined_corner,
          minmay_crystal_water, st_stairs_7, patterned_corridor
D:2:      nicolae_overflow_crystal_walls, lemuel_round_altar,
          chequers_temple_overflow_statue_of_worship, minmay_goblin_outpost
D:3:      ashenzari_conservatory_becter, minmay_misc_feat_ornament
D:4:      gammafunk_temple_overflow_elements, minmay_temple_entry_overgrown,
          first_ration, portal_sewer_entry_f
D:5:      lemuel_crystal_altar, serial_shops, nicolae_shop_crystal,
          nemelex_spade_bored_becter
D:7:      cheibrodos_wizards_tower, uniq_joseph
D:8:      minmay_opposing_rooms, cheibriados_altar_1, serial_shops, shop,
          hangedman_pestilent_swarm, eino_tiny_chamber,
          kennysheep_generic_room_5
D:9:      kennysheep_mini_moat, uniq_psyche
D:10:     orc_0_dummy, hangedman_decor_growths, uniq_harold, uniq_nergalle,
          uniq_grum
D:11:     serial_column_ruins, column_ruins_grid_4,
          column_ruins_corridor_corner, column_ruins_open_tiny,
          minmay_variable_closet, uniq_maurice
D:12:     uniq_kirke
D:13:     david_vaults_2, enter_bailey_3, serial_shops, shop,
          corexii_corridor_pit, trog_wizard, uniq_frances
D:14:     minmay_misc_feat_room, serial_shops, shop_statue
D:15:     hangedman_depths_entry_try_elsewhere_first,
          hangedman_abyss_or_decor_passed, serial_shops,
          nicolae_shop_overgrown_old_shop, portal_ice_cave_entry_imps
Lair:1:   grunt_megastairs_2, lemuel_fruit_fields, minmay_lair_oklob_chamber
Lair:2:   uniq_gastronok
Lair:3:   dummy_snake_entry, basic_altar, beast_lair_carwin_6
Lair:4:   minmay_swamp_entry_reptiles, minmay_lair_oklob_bushes,
          minmay_hedge_maze, bobbens_ice_dragon_lair, serial_bayou_shore_a
Lair:5:   slime_dummy, serial_bayou_shore_b
Lair:6:   minmay_lair_end_frog_pond
Swamp:1:  evilmike_swamp_ruin_house_6, uniq_donald
Swamp:2:  evilmike_swamp_ruin_house_4, swamp_pool1
Swamp:3:  serial_swamp_ruin, evilmike_swamp_ruin_house_2,
          evilmike_swamp_ruin_house_1, hangedman_swamp_ruin_hall,
          infiniplex_staircase_pool_2
Swamp:4:  swamp
Snake:1:  grunt_ministairs_14, uniq_nikola
Snake:2:  basic_altar, serial_corexii_hall, corexii_hall_statues_x,
          corexii_hall_statues_s, serial_bayou_shore_b
Snake:4:  snake_pit, nicolae_coiled_stairwell_up, lemuel_fruit_tree
Orc:1:    mines2_david, uniq_josephine, uniq_snorg
Orc:2:    grunt_orc_gardens, grunt_orc_garden, grunt_orc_garden,
          grunt_orc_garden, grunt_orc_garden, basic_altar, uniq_azrael
Elf:1:    minmay_roctagon
Elf:2:    uniq_saint_roka
Elf:3:    minmay_elf_hall_four_x, uniq_louise, uniq_aizul
Vaults:1: nicolae_vaults_shelves_hall, v_misc_15, hangedman_vaults_stagger,
          vaults_mumra_minichess_inversion, nicolae_vaults_three_branches,
          v_misc_33, v_pattern_5, vaults_room_hallway, hangedman_vaults_snaps,
          nicolae_vaults_little_squares_1, ontoclasm_vaults_decontamination,
          vaults_dpeg_ring, vaults_room_semicircle, serial_shops, shop
Vaults:2: v_misc_30, nicolae_vaults_network_barrier, grunt_vaults_hallway_short,
          hangedman_vaults_capsules, uniq_sojobo
Vaults:3: minmay_crypt_entry_necro_gods, v_rooms_5,
          nicolae_vaults_ring_of_whatevers, nicolae_vaults_little_squares_2,
          vaults_mumra_lcd, nicolae_vaults_hallways_thing, v_misc_24,
          hangedman_vaults_corner, nicolae_vaults_asterisk,
          nicolae_vaults_little_squares_4, ontoclasm_vaults_spin,
          vaults_room_stairs_pillars, serial_shops, shop
Vaults:4: kb_rosetta, ontoclasm_vaults_ring_large, vaults_room_hallway,
          nicolae_vaults_shelves_hall, v_misc_23, v_alt_pattern_4, serial_shops,
          statue_bzr
Vaults:5: uniq_mennas
Crypt:1:  st_stairs_4, grunt_crypt_arrival_split, uniq_bai_suzhen
Crypt:2:  mu_enter_wizlab_2, st_stairs_5, grunt_ministairs_14
Crypt:3:  lightli_unholy_cathedral, nicolae_tomb_entry_unfolded_pyramid_diagonal
Tomb:1:   uniq_khufu, uniq_frederick, uniq_jory
Tomb:3:   uniq_jorgrun
Depths:1: hangedman_coc_ice_floe, enter_trove_1, serial_shops, shop,
          kennysheep_small_circle
Depths:2: hangedman_six_sided_sadism, kennysheep_another_room, hellmouth_1,
          infiniplex_staircase_squiggle
Depths:3: minmay_the_grid_octo_tiled_squarecenter_mashed, enter_ziggurat_d,
          pan_entry, kennysheep_nub, lightli_too_deep, lemuel_flamethrower_3
Depths:4: kennysheep_large_spiral, marbit_kobold_abyss_entry,
          rand_demon_pan_entry_4, okawaru_ov_weapons_minmay, hell_entry
Depths:5: grunt_zot_entry_bicorn, grunt_hell_entry_dis_old,
          kennysheep_pointless_box, uniq_xtahua, uniq_boris
Zig:5:    ziggurat_pillar_centre_c
Zig:7:    ziggurat_pillar_centre_dead_trees
Bazaar:   bazaar_jpeg_ribbon
Trove:    trove_jewel_2
Sewer:    kennysheep_pipe_town
Bailey:   bailey_polearm_2, bailey
WizLab:   wizlab_golubria

Skill      XL: |  1  2  3  4  5  6  7  8  9 10 11 12 13 14 15 16 17 18 19 20 21 22 23 24 25 26 27 |
---------------+----------------------------------------------------------------------------------+-----
Dodging        | 1 2 3 4 5 6 7 8 9 10 13 14 | 14.1
Armour         | 4 5 6 7 8 9 11 12 13 14 15 16 17 18 19 20 23 | 23.7
Shields        | 4 5 6 7 8 9 10 11 12 13 14 15 16 17 18 19 20 22 | 22.5
Fighting       | 4 5 6 7 8 9 11 12 13 14 15 16 17 18 19 20 23 | 23.3
Maces & Flails | 3 4 5 6 12 13 14 15 16 17 18 19 20 21 23 | 23.3
Invocations    | 2 3 4 7 9 11 12 13 14 15 19 | 19.3
Staves         | 1 3 |  3.7
Evocations     | 3 5 7 8 9 |  9.3
Stealth        | 2 7 10 13 | 13.7

Action                   |  1- 3 |  4- 6 |  7- 9 | 10-12 | 13-15 | 16-18 | 19-21 | 22-24 | 25-27 || total
-------------------------+-------+-------+-------+-------+-------+-------+-------+-------+-------++-------
Melee: Flail             |   177 |   312 |   368 |   324 |       |       |       |       |       ||  1181
       Lajatang          |       |       |       |   125 |    24 |       |       |       |       ||   149
       Dire flail        |       |       |       |   152 |   564 |       |       |       |       ||   716
       Demon whip        |       |       |       |       |  1470 |  2214 |  2300 |  2616 |   398 ||  8998
       Eveningstar       |       |       |       |       |       |       |       |       |  2565 ||  2565
       Morningstar       |       |       |       |       |       |       |       |       |    46 ||    46
Invok: Heroism           |       |       |       |       |    12 |    11 |    23 |    15 |     1 ||    62
       Finesse           |       |       |       |       |     2 |       |     5 |     9 |     1 ||    17
       Brand Weapon With |       |       |       |       |       |       |       |       |     1 ||     1
       Cleansing Flame   |       |       |       |       |       |       |       |       |    93 ||    93
       Summon Divine War |       |       |       |       |       |       |       |       |     8 ||     8
       Divine Shield     |       |       |       |       |       |       |       |       |     7 ||     7
 Abil: Stop Flying       |       |       |       |       |     2 |     2 |     1 |     1 |     1 ||     7
       Fly               |       |       |       |       |     2 |     1 |     1 |     1 |     1 ||     6
       Evoke Invisibilit |       |       |       |       |       |       |       |     5 |     1 ||     6
       Blink             |       |       |       |       |       |       |       |       |     1 ||     1
Evoke: Wand              |       |       |       |       |     5 |       |     4 |    11 |    10 ||    30
  Use: Scroll            |       |    11 |     5 |    12 |    24 |    24 |    12 |    19 |    44 ||   151
       Potion            |       |     4 |    10 |     9 |    12 |     6 |     9 |    14 |    21 ||    85
 Stab: Invisible         |       |       |       |       |     3 |       |       |    20 |     2 ||    25
       Paralysed         |       |       |       |       |     3 |    10 |     4 |    16 |     1 ||    34
       Confused          |       |       |       |       |     2 |     3 |     5 |     6 |       ||    16
       Petrifying        |       |       |       |       |     1 |     2 |       |       |       ||     3
       Distracted        |       |       |       |       |       |     1 |     1 |     1 |       ||     3
  Eat: Chunk             |     1 |     4 |     6 |    13 |    22 |     4 |    16 |    38 |     9 ||   113
       Ration            |       |     1 |     1 |     1 |     6 |     8 |     5 |     3 |    25 ||    50
Armor: Scale mail        |   120 |    97 |       |       |       |       |       |       |       ||   217
       Plate armour      |       |   202 |   225 |   343 |   965 |   787 |   335 |       |       ||  2857
       Crystal plate arm |       |       |       |       |       |       |   257 |   792 |  1226 ||  2275
Dodge: Dodged            |    57 |   107 |    61 |   158 |   507 |   428 |   341 |   427 |   821 ||  2907
Block: Shield            |   108 |   201 |   178 |   157 |       |       |       |       |       ||   644
       Large shield      |       |       |       |       |  1075 |  1776 |  1586 |  2188 |  3855 || 10480

Table legend:
 A = Spawn XP
 B = Non-spawn XP
 C = Spawn XP percentage of total XP
 D = Spawn monster count
 E = Non-spawn monster count
 F = Spawn count percentage of total count
 G = Total turns spent on level
                    A         B        C        D         E        F      G
               +---------+---------+-------+---------+---------+-------+---------
         Total |       0 | 1798455 |   0.0 |       0 |    2655 |   0.0 | 79581
               +---------+---------+-------+---------+---------+-------+---------
           D:1 |       0 |      61 |   0.0 |       0 |      33 |   0.0 |   898
           D:2 |       0 |      96 |   0.0 |       0 |      33 |   0.0 |  1154
           D:4 |       0 |     341 |   0.0 |       0 |      18 |   0.0 |   860
           D:5 |       0 |    1002 |   0.0 |       0 |      27 |   0.0 |   894
           D:6 |       0 |    1260 |   0.0 |       0 |      17 |   0.0 |  1080
           D:7 |       0 |     819 |   0.0 |       0 |      10 |   0.0 |   288
           D:8 |       0 |    2738 |   0.0 |       0 |      29 |   0.0 |   807
           D:9 |       0 |    2895 |   0.0 |       0 |      22 |   0.0 |   910
          D:10 |       0 |    2049 |   0.0 |       0 |      14 |   0.0 |  1076
          D:11 |       0 |   10592 |   0.0 |       0 |      52 |   0.0 |  1254
          D:12 |       0 |    6419 |   0.0 |       0 |      34 |   0.0 |   855
          D:13 |       0 |    9303 |   0.0 |       0 |      34 |   0.0 |  1630
          D:14 |       0 |    2979 |   0.0 |       0 |      15 |   0.0 |   854
          D:15 |       0 |   21915 |   0.0 |       0 |      58 |   0.0 |  1395
        Lair:1 |       0 |    3007 |   0.0 |       0 |      10 |   0.0 |  1357
        Lair:2 |       0 |    5870 |   0.0 |       0 |      14 |   0.0 |  1057
        Lair:3 |       0 |    7004 |   0.0 |       0 |      27 |   0.0 |  1373
        Lair:4 |       0 |    8143 |   0.0 |       0 |      31 |   0.0 |  1582
        Lair:5 |       0 |   15959 |   0.0 |       0 |      41 |   0.0 |  3272
        Lair:6 |       0 |   11160 |   0.0 |       0 |      35 |   0.0 |  1289
       Swamp:1 |       0 |   13804 |   0.0 |       0 |      25 |   0.0 |   734
       Swamp:2 |       0 |    7364 |   0.0 |       0 |      23 |   0.0 |   586
       Swamp:3 |       0 |   17215 |   0.0 |       0 |      39 |   0.0 |   917
       Swamp:4 |       0 |   20552 |   0.0 |       0 |      34 |   0.0 |   700
       Snake:1 |       0 |   28577 |   0.0 |       0 |      56 |   0.0 |  1122
       Snake:2 |       0 |   18429 |   0.0 |       0 |      36 |   0.0 |   825
       Snake:3 |       0 |   17058 |   0.0 |       0 |      36 |   0.0 |   866
       Snake:4 |       0 |   30513 |   0.0 |       0 |      53 |   0.0 |  1037
       Slime:1 |       0 |   12348 |   0.0 |       0 |       9 |   0.0 |  1003
       Slime:2 |       0 |   28572 |   0.0 |       0 |      37 |   0.0 |  1148
       Slime:3 |       0 |   10476 |   0.0 |       0 |      28 |   0.0 |   238
       Slime:4 |       0 |   21400 |   0.0 |       0 |      38 |   0.0 |  1432
       Slime:5 |       0 |   35138 |   0.0 |       0 |      41 |   0.0 |   627
         Orc:1 |       0 |    8389 |   0.0 |       0 |      52 |   0.0 |  2001
         Orc:2 |       0 |    9247 |   0.0 |       0 |      22 |   0.0 |   796
         Elf:1 |       0 |   33073 |   0.0 |       0 |      53 |   0.0 |  1370
         Elf:2 |       0 |   38701 |   0.0 |       0 |      61 |   0.0 |  1127
         Elf:3 |       0 |   83069 |   0.0 |       0 |      77 |   0.0 |  2468
      Vaults:1 |       0 |   30310 |   0.0 |       0 |      61 |   0.0 |  1633
      Vaults:2 |       0 |   54243 |   0.0 |       0 |      73 |   0.0 |  2007
      Vaults:3 |       0 |   41029 |   0.0 |       0 |      61 |   0.0 |  1869
      Vaults:4 |       0 |  108135 |   0.0 |       0 |     109 |   0.0 |  6334
      Vaults:5 |       0 |   92078 |   0.0 |       0 |      76 |   0.0 |  1941
       Crypt:1 |       0 |   23449 |   0.0 |       0 |      32 |   0.0 |  1160
       Crypt:2 |       0 |   63128 |   0.0 |       0 |      57 |   0.0 |  1542
       Crypt:3 |       0 |   51947 |   0.0 |       0 |      65 |   0.0 |  1265
        Tomb:1 |       0 |   72281 |   0.0 |       0 |      57 |   0.0 |   864
        Tomb:2 |       0 |   46518 |   0.0 |       0 |      47 |   0.0 |   979
        Tomb:3 |       0 |  108395 |   0.0 |       0 |      97 |   0.0 |  1226
      Depths:1 |       0 |   28622 |   0.0 |       0 |      39 |   0.0 |  1623
      Depths:2 |       0 |   82970 |   0.0 |       0 |     104 |   0.0 |  2458
      Depths:3 |       0 |  108014 |   0.0 |       0 |      95 |   0.0 |  2741
      Depths:4 |       0 |   62931 |   0.0 |       0 |      60 |   0.0 |  2681
      Depths:5 |       0 |   56766 |   0.0 |       0 |      47 |   0.0 |  1636
         Zig:1 |       0 |    1346 |   0.0 |       0 |       2 |   0.0 |    15
         Zig:2 |       0 |    1852 |   0.0 |       0 |       2 |   0.0 |    24
         Zig:3 |       0 |    3919 |   0.0 |       0 |       3 |   0.0 |   286
         Zig:4 |       0 |    2858 |   0.0 |       0 |       5 |   0.0 |    53
         Zig:5 |       0 |    5089 |   0.0 |       0 |       7 |   0.0 |   174
         Zig:6 |       0 |    7369 |   0.0 |       0 |      11 |   0.0 |   206
         Zig:7 |       0 |   13167 |   0.0 |       0 |       8 |   0.0 |    88
         Zig:8 |       0 |   12957 |   0.0 |       0 |      10 |   0.0 |   152
         Zig:9 |       0 |   11788 |   0.0 |       0 |      11 |   0.0 |   238
        Zig:10 |       0 |   24058 |   0.0 |       0 |      14 |   0.0 |   231
        Zig:11 |       0 |   16666 |   0.0 |       0 |      25 |   0.0 |   119
        Zig:12 |       0 |   34556 |   0.0 |       0 |      28 |   0.0 |   164
        Zig:13 |       0 |   17354 |   0.0 |       0 |      49 |   0.0 |   394
        Zig:14 |       0 |   41670 |   0.0 |       0 |      21 |   0.0 |   430
        Zig:15 |       0 |    7014 |   0.0 |       0 |      21 |   0.0 |    39
         Sewer |       0 |      32 |   0.0 |       0 |      24 |   0.0 |   274
        Bailey |       0 |    2299 |   0.0 |       0 |      26 |   0.0 |   445
        WizLab |       0 |   16108 |   0.0 |       0 |      34 |   0.0 |  1057
               +---------+---------+-------+---------+---------+-------+---------
